 Dungeon Sprint DCSS version 0.31-a0-43-g46d131a48f (webtiles) character file.

Game seed: 8563081636285674598

278 rocky1 the Arsonist (level 7, -5/38 HPs)
             Began as a Deep Elf Fire Elementalist on May 20, 2023.
             Was an Initiate of Gozag.
             Killed from afar by Aizul (15 damage)
             ... with a bolt of poison
             ... in the Dungeon (Sprint VI: "Thunderdome").
             The game lasted 00:09:23 (779 turns).

rocky1 the Arsonist (Deep Elf Fire Elementalist)     Turns: 779, Time: 00:09:24

Health: -5/38      AC:  4    Str: 14    XL:     7   Next: 6%
Magic:  13/21      EV: 13    Int: 22    God:    Gozag
Gold:   563        SH:  0    Dex: 22    Spells: 10/23 levels left

rFire   + + .        p - +0 dagger
rCold   + . .        (no shield)
rNeg    . . .        q - +0 animal skin of Pathos {Str+3 Slay+3}
rPois   .            f - +0 mask of the Dragon {Will+ Slay+3 SInv}
rElec   +            (no cloak)
rCorr   .            (no gloves)
SInv    +            r - +1 pair of boots of Limited Liability {rF++ Dex+2}
Will    +....        l - amulet of Wiexemp {rC+ Regen+ Str+3}
Stlth   +++          n - ring "Lamapeo" {rElec Dex+5 SInv}
HPRegen 1.06/turn    o - ring of Weff {Wiz Str+3}
MPRegen 0.17/turn

%: no teleportation, wizardry (x1)
@: lethally poisoned (-5 -> -15)
A: no striking features
a: Renounce Religion, Potion Petition, Call Merchant, Bribe Branch


You were in the Dungeon.
You worshipped Gozag.
Gozag was pleased with you.
You visited 1 branch You collected 1896 gold pieces.
You spent 1333 gold pieces at shops.

Inventory:

Hand Weapons
 p - a +0 dagger (weapon)
Armour
 a - a +0 robe
 f - the +0 mask of the Dragon (worn) {Will+ Slay+3 SInv}
   (You bought it in a shop in the Dungeon)

   Slay:      It affects your accuracy & damage with ranged weapons and melee
   (+3).
   SInv:      It lets you see invisible.
   Will:      It increases your willpower.
 q - the +0 animal skin of Pathos (worn) {Str+3 Slay+3}
   (You bought it in a shop in the Dungeon)

   Str:       It affects your strength (+3).
   Slay:      It affects your accuracy & damage with ranged weapons and melee
   (+3).
 r - the +1 pair of boots of Limited Liability (worn) {rF++ Dex+2}
   (You bought it in a shop in the Dungeon)

   Dex:       It affects your dexterity (+2).
   rF:        It greatly protects you from fire.
Jewellery
 l - the amulet of Wiexemp (around neck) {rC+ Regen+ Str+3}
   (You bought it in a shop in the Dungeon)

   [amulet of regeneration]

   Str:       It affects your strength (+3).
   rC:        It protects you from cold.
   Regen:     It increases your rate of health regeneration.
 m - the ring of Xioja {Ice Stlth+}
   (You bought it in a shop in the Dungeon)

   [ring of ice]

   It enhances your ice magic.
   rF:        It makes you vulnerable to fire.
   rC:        It protects you from cold.
   Stlth:     It makes you more stealthy.
 n - the ring "Lamapeo" (left hand) {rElec Dex+5 SInv}
   (You bought it in a shop in the Dungeon)

   [ring of see invisible]

   Dex:       It affects your dexterity (+5).
   rElec:     It insulates you from electricity.
   SInv:      It lets you see invisible.
 o - the ring of Weff (right hand) {Wiz Str+3}
   (You bought it in a shop in the Dungeon)

   [ring of wizardry]

   It improves your spell success rate.
   Str:       It affects your strength (+3).
Wands
 i - a wand of quicksilver (5)
 j - a wand of iceblast (5)
Scrolls
 g - 4 scrolls of blinking
 k - 3 scrolls of fog
Potions
 b - 2 potions of magic
 c - a potion of curing
 d - 4 potions of heal wounds
 e - 4 potions of haste
 h - a potion of resistance


   Skills:
 + Level 1.3 Fighting
 - Level 2.4 Dodging
 - Level 2.4 Stealth
 + Level 8.9 Spellcasting
 * Level 7.0 Conjurations
 * Level 13.4 Fire Magic


You had 10 spell levels left.
You knew the following spells:

 Your Spells              Type           Power      Damage    Failure   Level
a - Foxfire               Conj/Fire      100%       2x1d9     1%          1
b - Scorch                Fire           100%       2d9       1%          2
c - Inner Flame           Hex/Fire       39%        N/A       1%          3
d - Flame Wave            Conj/Fire      53%        2d13      1%          4
e - Volatile Blastmotes   Fire/Tloc      78%        2d16      1%          3

Your spell library contained the following spells:

 Spells                   Type           Power      Damage    Failure   Level


Dungeon Overview and Level Annotations

Branches:
Dungeon (1/1)

Altars:
Cheibriados
Dithmenos
Fedhas
Gozag
Kikubaaqudgha
Makhleb
Okawaru
Qazlal
Ru
Sif Muna
Trog
Uskayaw
Vehumet
Wu Jian
Xom
Yredelemnul
Zin
The Shining One
Lugonu

Shops:
D *[??*?*:[((!!!!

Annotations:
D Aizul


Message History

Casting: Foxfire (safe; 1% risk of failure)
Confirm with . or Enter, or press ? or * to list all spells.
You conjure some foxfire!
The foxfire hits Aizul.
Aizul is lightly wounded.
The foxfire hits Aizul.
Aizul is lightly wounded.
Casting: Foxfire (safe; 1% risk of failure)
Confirm with . or Enter, or press ? or * to list all spells.
Flames lash Aizul.
Aizul is lightly wounded.
Aizul's fire resistance burns away.
The foxfire hits Aizul but does no damage.
Aizul is lightly wounded.
The foxfire hits Aizul but does no damage.
Aizul is lightly wounded.
Casting: Scorch (safe; 1% risk of failure)
Confirm with . or Enter, or press ? or * to list all spells.
You conjure some foxfire!
Aizul coils herself and waves her upper body at you.
The bolt of poison hits you!!
You are poisoned.
Ouch! That really hurt!
Casting: Foxfire (safe; 1% risk of failure)
Confirm with . or Enter, or press ? or * to list all spells.
Flames lash Aizul.
Aizul is burned terribly!
Aizul is lightly wounded.
You feel very sick.
The foxfire hits Aizul but does no damage.
Aizul is lightly wounded.
The foxfire hits Aizul but does no damage.
Aizul is lightly wounded.
Casting: Scorch (safe; 1% risk of failure)
Confirm with . or Enter, or press ? or * to list all spells.
You conjure some foxfire!
You feel very sick.
Aizul coils herself and waves her upper body at you.
The bolt of poison hits you!
You are lethally poisoned!
You die...
Your body crumbles into a pile of gold.

#.........# #........_#
#_......._# ###.........###
#⌠...........⌠#
######.8.........8.#####
##.___......###......___∩
###∩.....v§.8.# #.8........
##........v@...###..........
#⌠.........S###...###.......
#⌠..........# #.<.# #.......
#⌠..........###...###.......
##.............###..........
###∩........8.# #.8........
##∩___..)...###......___∩
######.8.........8.#####
#⌠...........⌠#


You could see Aizul (combustible, ally target).

Vanquished Creatures
  A floating eye (D)
  6 vampire bats (D)
  A crimson imp (D)
  2 quasits (D)
  3 jellies (D)
  A shadow imp (D)
  A white imp (D)
  An ufetubus (D)
  A dart slug (D)
  2 endoplasms (D)
  2 goblins (D)
  A bat (D)
  A rat (D)
23 creatures vanquished.

Vanquished Creatures (others)
  83 foxfires (D)
83 creatures vanquished.

Grand Total: 106 creatures vanquished

Notes
Turn   | Place    | Note
-------+----------+-------------------------------------------
     0 | D        | rocky1 the Deep Elf Fire Elementalist began the quest for
                  | the Orb.
     0 | D        | Reached XP level 1. HP: 10/10 MP: 6/6
     4 | D        | Found an opulent altar of Gozag.
     4 | D        | Found a shimmering altar of Xom.
     5 | D        | Found a hide-covered altar of Uskayaw.
     5 | D        | Round 1.
     6 | D        | Found an ornate altar of the Wu Jian Council.
     6 | D        | Found a stormy altar of Qazlal.
     7 | D        | Found a basalt altar of Yredelemnul.
     7 | D        | Found Icrivap's Identification Station.
     8 | D        | Found Egri's Jewellery.
     8 | D        | Found Arghus's Advanced Armour.
    14 | D        | Became a worshipper of Gozag Ym Sagoz the Greedy
    20 | D        | Bought a twitching silver amulet for 45 gold pieces
    20 | D        | Identified the amulet of Wiexemp {rC+ Regen+ Str+3} (You
                  | bought it in a shop in the Dungeon)
    20 | D        | Bought a faintly glowing pewter amulet for 45 gold pieces
    20 | D        | Identified the amulet "Goqeoc" {Reflect rPois Int+2 Dex-2
                  | SH+5} (You bought it in a shop in the Dungeon)
    20 | D        | Bought a twitching amethyst amulet for 45 gold pieces
    20 | D        | Identified the amulet "Myippabb" {Faith rPois rN+ Will+}
                  | (You bought it in a shop in the Dungeon)
    20 | D        | Bought a clouded silver amulet for 45 gold pieces
    20 | D        | Identified the amulet "Goraute" {Spirit rPois Str-5 Dex+5
                  | SInv} (You bought it in a shop in the Dungeon)
    39 | D        | Reached skill level 4 in Fire Magic
    39 | D        | Found a burning altar of Makhleb.
    50 | D        | Found a sacrificial altar of Ru.
    51 | D        | Found a glowing silver altar of Zin.
    53 | D        | Found Gyimn's Premium Goods.
    56 | D        | Found a glowing golden altar of the Shining One.
    56 | D        | Found a shimmering blue altar of Sif Muna.
    56 | D        | Found Pomir's Weapon Rack.
    58 | D        | Found Vuph's Miscellaneous Merchandise.
    58 | D        | Found Beufep's Basic Armour.
    62 | D        | Found an ancient bone altar of Kikubaaqudgha.
    63 | D        | Found a corrupted altar of Lugonu.
    64 | D        | Found a bloodstained altar of Trog.
    66 | D        | Found Eppaob's Do-It-Yourself Clinic.
    68 | D        | Found a snail-covered altar of Cheibriados.
    68 | D        | Found a radiant altar of Vehumet.
    68 | D        | Found an iron altar of Okawaru.
    68 | D        | Found Jefal's Distillery.
    69 | D        | Found Leddix's Bottled Wisdom.
    69 | D        | Found Qoguoseth's Distillery.
    78 | D        | Found a blossoming altar of Fedhas.
    79 | D        | Found a shadowy altar of Dithmenos.
    85 | D        | Found Oclath's Staff Store.
    86 | D        | Found Kixonozy's Magic Scroll Shop.
    88 | D        | Found Silezef's Must-Have Magic.
    88 | D        | Found Anysum's Magic Scroll Shop.
   135 | D        | Arena points: 12 (+12) [x2]
   190 | D        | Round 2.
   194 | D        | Bought a shimmering copper ring for 45 gold pieces
   194 | D        | Identified the ring of Xioja {Ice Stlth+} (You bought it in
                  | a shop in the Dungeon)
   194 | D        | Bought a scorched golden ring for 45 gold pieces
   194 | D        | Identified the ring "Lamapeo" {rElec Dex+5 SInv} (You
                  | bought it in a shop in the Dungeon)
   194 | D        | Bought a shimmering silver ring for 45 gold pieces
   194 | D        | Identified the ring of Weff {Wiz Str+3} (You bought it in a
                  | shop in the Dungeon)
   214 | D        | Noticed a crimson imp
   244 | D        | Killed a crimson imp
   245 | D        | Reached skill level 6 in Fire Magic
   245 | D        | Reached XP level 2. HP: 15/15 MP: 7/9
   245 | D        | Reached XP level 3. HP: 19/19 MP: 7/10
   316 | D        | Reached skill level 7 in Fire Magic
   322 | D        | Reached skill level 5 in Spellcasting
   322 | D        | Reached skill level 8 in Fire Magic
   322 | D        | Reached XP level 4. HP: 24/24 MP: 2/13
   329 | D        | Reached skill level 9 in Fire Magic
   329 | D        | Arena points: 54 (+42) [x3]
   390 | D        | Round 3.
   412 | D        | Reached skill level 10 in Fire Magic
   412 | D        | Reached XP level 5. HP: 28/28 MP: 10/15
   418 | D        | Reached skill level 5 in Conjurations
   431 | D        | Learned a level 3 spell: Inner Flame
   467 | D        | Reached skill level 11 in Fire Magic
   510 | D        | Reached XP level 6. HP: 33/33 MP: 14/18
   511 | D        | Reached skill level 1 in Fighting
   511 | D        | Reached skill level 12 in Fire Magic
   526 | D        | Arena points: 138 (+84) [x4]
   551 | D        | Bought the +0 mask of the Dragon {Will+ Slay+3 SInv} for
                  | 501 gold pieces
   551 | D        | Found the +0 mask of the Dragon {Will+ Slay+3 SInv}
   574 | D        | Bought a jewelled animal skin for 185 gold pieces
   574 | D        | Identified the +0 animal skin of Pathos {Str+3 Slay+3} (You
                  | bought it in a shop in the Dungeon)
   584 | D        | Bought a pair of faintly humming boots for 332 gold pieces
   584 | D        | Identified the +1 pair of boots of Limited Liability {rF++
                  | Dex+2} (You bought it in a shop in the Dungeon)
   585 | D        | Round 4.
   586 | D        | Noticed a floating eye
   590 | D        | Paralysed by a floating eye for 3 turns
   591 | D        | Killed a floating eye
   592 | D        | Reached skill level 13 in Fire Magic
   602 | D        | Learned a level 2 spell: Scorch
   607 | D        | Learned a level 4 spell: Flame Wave
   611 | D        | Learned a level 3 spell: Volatile Blastmotes
   690 | D        | Reached XP level 7. HP: 38/38 MP: 9/21
   693 | D        | Arena points: 278 (+140) [x5]
   760 | D        | Round 5.
   765 | D        | Noticed Aizul
   779 | D        | Killed from afar by Aizul

Illustrated notes

Levels and vault maps discovered:
D:        arena_sprint

Skill      XL: |  1  2  3  4  5  6  7 |
---------------+----------------------+-----
Fire Magic     | 6 8 10 11 13 | 13.4
Spellcasting   | 4 5 6 7 8 |  8.9
Conjurations   | 2 3 4 5 6 7 |  7.0
Fighting       | 1 |  1.3
Dodging        | |  2.4
Stealth        | |  2.4

Action                     |  1- 3 |  4- 6 |  7- 9 || total
---------------------------+-------+-------+-------++-------
  Melee: Dagger            |     6 |       |       ||     6
   Cast: Foxfire           |    19 |    28 |     4 ||    51
         Scorch            |       |     4 |     4 ||     8
    Use: Potion            |     1 |     1 |       ||     2
 Armour: Robe              |     5 |     2 |       ||     7
  Dodge: Dodged            |    12 |    10 |     1 ||    23

Table legend: (Time is in decaauts)
 A = Elapsed time spent in this place.
 B = Non-inter-level travel time spent in this place.
 C = Inter-level travel time spent in this place.
 D = Time resting spent in this place.
 E = Time spent auto-exploring this place.
 F = Levels seen in this place.
 G = Mean time per level.
                   A        B        C        D        E       F      G
               +--------+--------+--------+--------+--------+-----+--------+
         Total |    783 |    783 |      0 |     65 |     38 |   1 |  783.0 |
       Dungeon |    783 |    783 |      0 |     65 |     38 |   1 |  783.0 |
               +--------+--------+--------+--------+--------+-----+--------+

Top non-repeatable levels by time:
       D: 783 daAuts
